 Dungeon Crawl Stone Soup version 0.31-a0-925-g0a390f2509 (webtiles) character file.

Game seed: 11861300436180724763

1300 Maratek the Skirmisher (level 8, -4/55 HPs)
             Began as an Octopode Hunter on Oct 18, 2023.
             Constricted to death by Pikel (6 damage)
             ... on level 7 of the Dungeon.
             The game lasted 00:06:34 (3963 turns).

Maratek the Skirmisher (Octopode Hunter)            Turns: 3963, Time: 00:06:36

Health: -4/55      AC:  1    Str: 11    XL:     8   Next: 57%
Magic:  0/0        EV: 12    Int: 15    God:
Gold:   367        SH:  0    Dex: 20    Spells: 7/7 levels left

rFire   . . .        j - +8 sling of the Tundras {drain, MP-9 Int+4 Dex+3}
rCold   . . .        (no shield)
rNeg    . . .        (helmet restricted)
rPois   .            i - amulet of the acrobat
rElec   .            l - ring of see invisible
rCorr   .            (no ring)
SInv    +            (no ring)
Will    .....        (no ring)
Stlth   ++++         (no ring)
HPRegen 0.29/turn    (no ring)
MPRegen 0.07/turn    (no ring)
                     (no ring)

%: acrobat
@: grasped by roots, constricted
A: almost no armour, amphibious, 8 rings, camouflage 1, gelatinous body 1,
(nimble swimmer 1), tentacles
a: no special abilities


You were on level 7 of the Dungeon.
You visited 1 branch of the dungeon, and saw 7 of its levels.

You collected 391 gold pieces.
You spent 24 gold pieces at shops.

Inventory:

Hand Weapons
 j - the +8 sling of the Tundras (weapon) {drain, MP-9 Int+4 Dex+3}
   (You found it on level 3 of the Dungeon)

   Int+4:     It affects your intelligence (+4).
   Dex+3:     It affects your dexterity (+3).
   MP-9:      It affects your magic capacity (-9).
Jewellery
 i - an amulet of the acrobat (around mantle)
 l - a ring of see invisible (left tentacle)
Scrolls
 a - 3 scrolls of enchant armour
 h - 3 scrolls of teleportation
 p - a scroll of revelation
Potions
 b - a potion of might {unknown}
 c - a potion of resistance
 d - 2 potions of curing {unknown}
 e - a potion of magic {unknown}
 f - a potion of heal wounds {unknown}
 g - 3 potions of haste {unknown}
 m - a potion of degeneration {unknown}
 o - a potion of mutation {unknown}


   Skills:
 + Level 5.1 Fighting
 + Level 8.7 Ranged Weapons
 + Level 4.1 Dodging
 + Level 3.9 Stealth


You had 7 spell levels left.
You didn't know any spells.
Your spell library contained the following spells:

 Spells                   Type           Power      Damage    Failure   Level
 Shock                    Conj/Air       0%         1d3       26%         1
 Sting                    Tmut/Pois      0%         1d3       26%         1
 Poisonous Vapours        Pois/Air       0%         N/A       38%         2
 Swiftness                Air            0%         N/A       63%         3
 Airstrike                Air            0%         2d(0-16)  95%         4
 Olgreb's Toxic Radiance  Pois           0%         N/A       95%         4


Dungeon Overview and Level Annotations

Branches:
Dungeon (7/15)
 Temple: D:4-7

Altars:
Qazlal
Zin

Shops:
D:3 ?

Annotations:
D:7 Pikel


Innate Abilities, Weirdness & Mutations

You cannot wear most types of armour.
You are amphibious.
You can wear up to eight rings at the same time.
Your skin changes colour to match your surroundings (Stealth+).
Your rubbery body absorbs attacks. (AC +1, EV +1)
((You are camouflaged when in or above water. (Stealth+)))
You have tentacles for arms and can constrict up to eight enemies at once.


Message History

Aim: Pikel, wielding a +1 whip of electrocution, wearing a +1 robe of cold resistance and carrying a wand of roots (heavily wounded, lightly drained, 68% to hit)
You shoot a sling bullet. The sling bullet barely misses Pikel.
The sling bullet closely misses the lemure.
Pikel closely misses you.
Fire: j) +8 sling of the Tundras {drain, MP-9 Int+4 Dex+3}
Press: ? - help, Q - select action Shift-Dir - straight line, f/p - Pikel
Aim: Pikel, wielding a +1 whip of electrocution, wearing a +1 robe of cold resistance and carrying a wand of roots (heavily wounded, lightly drained, 68% to hit)
You shoot a sling bullet. The sling bullet hits Pikel!
Pikel is severely wounded.
Pikel barely misses you.
Fire: j) +8 sling of the Tundras {drain, MP-9 Int+4 Dex+3}
Press: ? - help, Q - select action Shift-Dir - straight line, f/p - Pikel
Aim: Pikel, wielding a +1 whip of electrocution, wearing a +1 robe of cold resistance and carrying a wand of roots (severely wounded, lightly drained, 68% to hit)
You shoot a sling bullet. The sling bullet barely misses Pikel.
The sling bullet hits the lemure!
The lemure is moderately wounded.
Pikel says, "I'm sure they'll be treated well, anyway."
Pikel hits you with a +1 whip of electrocution.
* * * LOW HITPOINT WARNING * * *
Fire: j) +8 sling of the Tundras {drain, MP-9 Int+4 Dex+3}
Press: ? - help, Q - select action Shift-Dir - straight line, f/p - Pikel
Aim: Pikel, wielding a +1 whip of electrocution, wearing a +1 robe of cold resistance and carrying a wand of roots (severely wounded, lightly drained, 68% to hit)
You shoot a sling bullet. The sling bullet hits Pikel!
Pikel is almost dead.
Pikel zaps a wand.
The roots erupt in riotous growth!
The grasping roots grab you!
Pikel is unaffected.
The grasping roots constrict you!
* * * LOW HITPOINT WARNING * * *
Fire: j) +8 sling of the Tundras {drain, MP-9 Int+4 Dex+3}
Press: ? - help, Q - select action Shift-Dir - straight line, f/p - Pikel
Aim: Pikel, wielding a +1 whip of electrocution, wearing a +1 robe of cold resistance and carrying a wand of roots (almost dead, lightly drained, 68% to hit)
You shoot a sling bullet.
The sling bullet hits Pikel but does no damage.
You drain Pikel.
Pikel is almost dead.
Pikel hits you with a +1 whip of electrocution.
* * * LOW HITPOINT WARNING * * *
The grasping roots constrict you.
You die...
Pikel says, "Another soul for the market."

......#####
......... #.......
#...... .########
#..... ........#
.555######.......#
###K##....#.......#
#..@......#.......#
#...####'##.......#
#...#.............##
#...#.............#.
##..#......#####+##.
####......#.....#..
#......#.....'..
#......+.....#..
#......####..###


You could see Pikel (drained) and 3 lemures.

Vanquished Creatures
  2 black bears
  2 ogres (D:5)
  A lemure (D:7)
  A bullfrog (D:6)
  A scorpion (D:5)
  A vampire bat (D:4)
  A jelly (D:5)
  2 gnoll boudas
  7 hounds
  3 iguanas
  A sleepcap (D:7)
  An orc wizard (D:3)
  9 gnolls
  10 adders
  2 ufetubi (D:7)
  2 worms
  2 dart slugs (D:1)
  3 fire bats (D:4)
  4 orcs
  2 spectral bats (D:4)
  3 bat skeletons (D:4)
  A bat zombie (D:4)
  4 endoplasms
  A giant cockroach (D:1)
  4 goblins
  9 hobgoblins
  7 quokkas
  7 ball pythons
  11 bats
  A bat simulacrum (D:4)
  5 frilled lizards
  5 kobolds
  8 rats
123 creatures vanquished.

Notes
Turn   | Place    | Note
-------+----------+-------------------------------------------
     0 | D:1      | Maratek the Octopode Hunter began the quest for the Orb.
     0 | D:1      | Reached XP level 1. HP: 14/14 MP: 1/1
    88 | D:1      | Reached XP level 2. HP: 19/19 MP: 2/2
   174 | D:1      | Reached XP level 3. HP: 11/24 MP: 3/3
   418 | D:1      | Found a faded altar of an unknown god.
   592 | D:2      | Reached skill level 5 in Ranged Weapons
   721 | D:2      | Reached XP level 4. HP: 30/30 MP: 4/4
  1304 | D:3      | Identified the +8 sling of the Tundras {drain, MP-9 Int+4
                  | Dex+3}
  1312 | D:3      | Reached XP level 5. HP: 33/36 MP: 0/5
  1563 | D:3      | Found a stormy altar of Qazlal.
  1603 | D:3      | Found Nekiam's Magic Scroll Boutique.
  1624 | D:3      | Bought a scroll of identify for 24 gold pieces
  2174 | D:4      | Reached skill level 6 in Ranged Weapons
  2370 | D:4      | Reached XP level 6. HP: 40/42 MP: 0/6
  2789 | D:5      | Entered Level 5 of the Dungeon
  2844 | D:5      | Noticed a black bear
  2848 | D:5      | Killed a black bear
  2849 | D:5      | Reached skill level 7 in Ranged Weapons
  2849 | D:5      | Reached XP level 7. HP: 46/46 MP: 0/7
  2884 | D:5      | Found a glowing silver altar of Zin.
  2906 | D:5      | Identified the +0 cloak of Articulation {Regen+}
  3072 | D:5      | Reached skill level 8 in Ranged Weapons
  3074 | D:5      | Reached XP level 8. HP: 43/54 MP: 0/8
  3893 | D:7      | Reached skill level 5 in Fighting
  3951 | D:7      | Noticed Pikel
  3963 | D:7      | HP: 2/55 [Pikel/+1 whip of electrocution (5)]
  3963 | D:7      | Constricted to death by Pikel

Illustrated notes

Levels and vault maps discovered:
D:1:      dpeg_arrival_radiant, layout_rooms,
          dilly_ecumenical_altar_fadedgnrine, minmay_pentomino_t2
D:2:      layout_basic
D:3:      layout_loops_ring, lemuel_doored_altar, serial_shops, shop,
          corexii_corridor_pit
D:4:      layout_loops_ring, goddamned_bats
D:5:      layout_rooms, mainiacjoe_overflow_boulevard
D:6:      layout_basic
D:7:      layout_gridville, minmay_temple_entry_grid, chequers_mini_garden,
          uniq_pikel

Skill      XL: |  1  2  3  4  5  6  7  8 |
---------------+-------------------------+-----
Ranged Weapons | 5 6 7 8 |  8.7
Fighting       | 3 4 5 |  5.1
Stealth        | 2 3 |  3.9
Dodging        | 3 4 |  4.1

Action                     |  1- 3 |  4- 6 |  7- 9 || total
---------------------------+-------+-------+-------++-------
   Fire: Shortbow          |    70 |    53 |       ||   123
         Sling             |       |    93 |   104 ||   197
    Use: Scroll            |       |     5 |     5 ||    10
 Armour: Skin              |     9 |    41 |    13 ||    63
  Dodge: Dodged            |    10 |    75 |    16 ||   101

Table legend: (Time is in decaauts)
 A = Elapsed time spent in this place.
 B = Non-inter-level travel time spent in this place.
 C = Inter-level travel time spent in this place.
 D = Time resting spent in this place.
 E = Time spent auto-exploring this place.
 F = Levels seen in this place.
 G = Mean time per level.
                   A        B        C        D        E       F      G
               +--------+--------+--------+--------+--------+-----+--------+
         Total |   3988 |   3898 |     90 |     30 |   3316 |   7 |  569.7 |
       Dungeon |   3988 |   3898 |     90 |     30 |   3316 |   7 |  569.7 |
               +--------+--------+--------+--------+--------+-----+--------+

Top non-repeatable levels by time:
     D:4: 880 daAuts
     D:2: 728 daAuts
     D:3: 665 daAuts
     D:6: 661 daAuts
     D:1: 542 daAuts
     D:5: 426 daAuts
     D:7: 83 daAuts
